 Dungeon Crawl Stone Soup version 0.31.0-11-ge490571c62 (webtiles) character file.

Game seed: 980225129201719592

408 Curundu the Conjurer (level 6, 0/33 HPs)
             Began as a Deep Elf Conjurer on Jan 30, 2024.
             Was an Initiate of Sif Muna.
             Slain by a jackal (2 damage)
             ... on level 4 of the Dungeon.
             The game lasted 00:13:21 (3590 turns).

Curundu the Conjurer (Deep Elf Conjurer)            Turns: 3590, Time: 00:13:22

Health: 0/33       AC:  2    Str:  4    XL:     6   Next: 57%
Magic:  11/16      EV: 12    Int: 25    God:    Sif Muna [......]
Gold:   133        SH:  0    Dex: 13    Spells: 15/16 levels left

rFire   + . .        g - +2 dagger (drain)
rCold   . . .        (no shield)
rNeg    . . .        a - +0 robe
rPois   .            (no helmet)
rElec   .            (no cloak)
rCorr   .            (no gloves)
SInv    .            (no boots)
Will    .....        (no amulet)
Stlth   ++           i - ring of protection from fire
HPRegen 0.25/turn    (no ring)
MPRegen 0.15/turn

%: no passive effects
@: no status effects
A: no striking features
a: Renounce Religion


You were on level 4 of the Dungeon.
You worshipped Sif Muna.
Sif Muna was noncommittal.
You visited 2 branches of the dungeon, and saw 5 of its levels.

You collected 133 gold pieces.

Inventory:

Hand Weapons
 g - a +2 dagger of draining (weapon)
Missiles
 n - 2 throwing nets
Armour
 a - a +0 robe (worn)
Jewellery
 i - a ring of protection from fire (left hand)
Scrolls
 e - 3 scrolls of identify
 k - a scroll of torment {unknown}
 l - a scroll of teleportation
 o - a scroll of fear {unknown}
Potions
 b - a potion of magic
 c - a potion of might
 d - a potion of enlightenment {unknown}
 f - 2 potions of heal wounds {unknown}
 h - 2 potions of curing {unknown}
 j - a potion of degeneration {unknown}
 m - a potion of haste {unknown}


   Skills:
 + Level 0.5 Fighting
 + Level 0.7 Short Blades
 + Level 2.9 Dodging
 + Level 3.7 Stealth
 + Level 5.9 Spellcasting
 + Level 6.8 Conjurations


You had 15 spell levels left.
You knew the following spells:

 Your Spells              Type           Power      Damage    Failure   Level
a - Magic Dart            Conj           100%       1d8       1%          1

Your spell library contained the following spells:

 Spells                   Type           Power      Damage    Failure   Level
 Searing Ray              Conj           82%        2d7       1%          2
 Apportation              Tloc           14%        N/A       8%          1
 Call Imp                 Summ           14%        N/A       12%         2
 Jinxbite                 Hex            14%        N/A       12%         2
 Sublimation of Blood     Necr           7%         N/A       12%         2
 Fulminant Prism          Conj/Alch      12%        3d8       19%         4
 Iskenderun's Mystic Bla  Conj/Tloc      24%        2d7       19%         4
 Alistair's Intoxication  Alch           4%         N/A       91%         5
 Summon Hydra             Summ           3%         N/A       100%        7


Dungeon Overview and Level Annotations

Branches:
Dungeon (4/15)             Temple (1/1) D:4

Altars:
Ashenzari
Dithmenos
Fedhas
Kikubaaqudgha
Nemelex Xobeh
Ru
Sif Muna
Trog
Vehumet
Wu Jian
Yredelemnul
The Shining One

Shops:
D:1 ?


Message History

The jackal bites you.
You barely miss the hound.
The hound is almost dead.
The hound bites you. The jackal bites you. The hound barely misses you.
You hit the hound. You drain the hound.
You kill the hound!
Sif Muna accepts your kill. The jackal closely misses you.
The jackal barely misses you.
Casting: Magic Dart (safe; 1% risk of failure)
Confirm with . or Enter, or press ? or * to list all spells.
Aiming: Magic Dart (safe; 1% risk of failure)
Press: ? - help, Shift-Dir - straight line, f - orc
Aim: an orc, wielding a +0 mace and wearing a +0 leather armour (100% to hit)
The magic dart hits the orc.
The orc is heavily wounded.
The orc hits you with a +0 mace. The jackal barely misses you.
Casting: Magic Dart (safe; 1% risk of failure)
Confirm with . or Enter, or press ? or * to list all spells.
Aiming: Magic Dart (safe; 1% risk of failure)
Press: ? - help, Shift-Dir - straight line, f/p - orc
Aim: an orc, wielding a +0 mace and wearing a +0 leather armour (heavily wounded, 100% to hit)
The magic dart hits the orc.
The orc is almost dead.
The jackal bites you.
* * * LOW HITPOINT WARNING * * *
An orc comes into view. It is wielding a +0 short sword.
The orc hits you with a +0 mace.
* * * LOW HITPOINT WARNING * * *
Unknown command.
Casting: Magic Dart (safe; 1% risk of failure)
Confirm with . or Enter, or press ? or * to list all spells.
Aiming: Magic Dart (safe; 1% risk of failure)
Press: ? - help, Shift-Dir - straight line, f/p - orc
Aim: an orc, wielding a +0 mace and wearing a +0 leather armour (almost dead, 100% to hit)
The magic dart hits the orc!
You kill the orc!
Sif Muna accepts your kill.
The orc shouts!
The jackal bites you.
You die...

#... ##... #....
$...# ###.#.>..##
#o.. ..........##
#..#.##........#
#)h.##.....<...
#.@.##.........
##..##.........
#.###..)......
#.........†...
##.####.....#..
##..####..##.##
##.........#.#.#
.....###......[..
####......(....##.


You could see an orc and a jackal.

Vanquished Creatures
  2 ogres
  A bombardier beetle (D:4)
  A hound (D:4)
  An orc wizard (D:3)
  3 gnolls (D:3)
  3 adders
  2 ribbon worms (D:2)
  5 dart slugs
  10 orcs
  6 endoplasms
  5 giant cockroaches
  9 goblins
  4 hobgoblins
  A jackal (D:4)
  6 kobolds
  3 quokkas (D:2)
  4 ball pythons
  10 bats
  3 frilled lizards
  4 rats
83 creatures vanquished.

Notes
Turn   | Place    | Note
-------+----------+-------------------------------------------
     0 | D:1      | Curundu the Deep Elf Conjurer began the quest for the Orb.
     0 | D:1      | Reached XP level 1. HP: 10/10 MP: 6/6
   250 | D:1      | Reached XP level 2. HP: 15/15 MP: 5/8
   483 | D:1      | Reached skill level 5 in Conjurations
   640 | D:1      | Found Pum Vuwn's Magic Scroll Shoppe.
   915 | D:2      | Reached XP level 3. HP: 19/19 MP: 6/9
  1682 | D:2      | Reached XP level 4. HP: 24/24 MP: 11/11
  2530 | D:3      | Reached XP level 5. HP: 28/28 MP: 10/13
  2673 | D:3      | Reached skill level 6 in Conjurations
  3062 | D:4      | Noticed an ogre
  3070 | D:3      | Killed an ogre
  3071 | D:3      | Reached skill level 5 in Spellcasting
  3348 | D:4      | Found a staircase to the Ecumenical Temple.
  3354 | Temple   | Entered the Ecumenical Temple
  3389 | Temple   | Became a worshipper of Sif Muna the Loreminder
  3451 | D:4      | Reached XP level 6. HP: 33/33 MP: 9/16
  3590 | D:4      | Slain by a jackal

Illustrated notes

Levels and vault maps discovered:
D:1:      ldierk_walled_garden_2, layout_rooms, serial_shops,
          nicolae_shop_back_alley_shop
D:2:      layout_basic
D:3:      layout_loops_ring
D:4:      layout_loops_ring, grunt_temple_overflow_gold_and_silver,
          minmay_temple_entry_hall, minmay_manual_moon
Temple:   nicolae_temple_godzebo

Skill      XL: |  1  2  3  4  5 |
---------------+----------------+-----
Conjurations   | 5 6 |  6.8
Spellcasting   | 4 5 |  5.9
Stealth        | 3 |  3.7
Fighting       | |  0.5
Short Blades   | |  0.7
Dodging        | |  2.9

Action                     |  1- 3 |  4- 6 || total
---------------------------+-------+-------++-------
  Melee: Dagger            |     2 |    34 ||    36
   Cast: Magic Dart        |    77 |    77 ||   154
    Use: Scroll            |     4 |     2 ||     6
   Stab: Sleeping          |     1 |     2 ||     3
 Armour: Robe              |     2 |    27 ||    29
  Dodge: Dodged            |     5 |    17 ||    22
